 Dungeon Crawl Stone Soup version 0.25-a0-108-gda8bd6cf83 (webtiles) character file.

Game seed: 14649348237280695554, levelgen mode: deterministic

121278 Cinder the Severer (level 16, -7/152 HPs)
             Began as a Minotaur Berserker on Nov 17, 2019.
             Was the Champion of Trog.
             Killed from afar by Nikola (20 damage)
             ... with a chain lightning
             ... on level 1 of the Spider Nest.
             The game lasted 01:02:07 (30878 turns).

Cinder the Severer (Minotaur Berserker)            Turns: 30878, Time: 01:02:08

Health: -7/152     AC: 21    Str: 29    XL:     16   Next: 32%
Magic:  22/22      EV: 12    Int:  3    God:    Trog [******]
Gold:   3177       SH: 14    Dex: 11    Spells: 15/15 levels left

rFire    . . .     SeeInvis +   a - +8 broad axe of Massacring {chop, rPois MR++ Int-3 SInv}
rCold    + . .     Gourm    .   M - +0 shield
rNeg     . . .     Faith    +   N - +0 plate armour
rPois    +         Spirit   .   I - +1 hat {MR+}
rElec    .         Reflect  .   (no cloak)
rCorr    .         Harm     .   D - +1 pair of gloves {Str+3}
MR       +++++                  o - +1 pair of boots {Stlth+}
Stlth    ..........             X - amulet of faith
HPRegen  0.35/turn              v - ring of protection from magic
MPRegen  0.18/turn              Y - ring of protection from cold

@: no status effects
A: retaliatory headbutt, horns 2
a: Berserk, Trog's Hand, Brothers in Arms, Renounce Religion


You were on level 1 of the Spider Nest.
You worshipped Trog.
Trog was exalted by your worship.
You were hungry.

You visited 6 branches of the dungeon, and saw 26 of its levels.
You also visited: Volcano.

You collected 3210 gold pieces.
You spent 33 gold pieces at shops.

Inventory:

Hand Weapons
 a - the +8 broad axe of Massacring (weapon) {chop, rPois MR++ Int-3 SInv}
   (Trog gifted it to you on level 10 of the Dungeon)

   It inflicts extra damage upon your enemies.
   It affects your intelligence (-3).
   It protects you from poison.
   It affects your resistance to hostile enchantments.
   It lets you see invisible.
 b - a +1 hand crossbow of velocity
Missiles
 u - 3 throwing nets (quivered)
 H - 150 bolts
Armour
 o - a +1 pair of boots of stealth (worn)
 D - a +1 pair of gloves of strength (worn)
 I - a +1 hat of magic resistance (worn)
 M - a +0 shield (worn)
 N - a +0 plate armour (worn)
Jewellery
 r - an uncursed ring of protection from fire
 v - a ring of protection from magic (left hand)
 y - an uncursed ring of flight
 E - a +5 ring of dexterity
 U - an uncursed ring of resist corrosion
 X - an amulet of faith (around neck)
 Y - a ring of protection from cold (right hand)
Wands
 h - a wand of flame (14)
 s - a wand of digging (11)
 x - a wand of clouds (4)
 G - a wand of enslavement (8)
 R - a wand of disintegration (23)
 T - a wand of iceblast (26)
 W - a wand of scattershot (4)
Scrolls
 e - 2 scrolls of identify
 f - 15 scrolls of teleportation
 g - 6 scrolls of enchant weapon
 k - 10 scrolls of enchant armour
 n - a scroll of fear
 p - 6 scrolls of magic mapping
 q - 4 scrolls of immolation
 t - 3 scrolls of fog
 J - 6 scrolls of remove curse
 O - a scroll of blinking
Potions
 d - 5 potions of might
 i - 3 potions of lignification
 j - 8 potions of curing
 l - 3 potions of flight
 m - 2 potions of ambrosia
 w - 4 potions of brilliance
 z - a potion of resistance
 A - 2 potions of magic
 B - 4 potions of mutation {unknown}
 C - 3 potions of berserk rage
 K - 2 potions of invisibility
 P - 2 potions of agility
 S - a potion of haste
 V - 3 potions of heal wounds
 Z - a potion of cancellation
Miscellaneous
 F - a lightning rod (4/4)
 L - 2 sacks of spiders
Comestibles
 c - 41 rations


   Skills:
 + Level 16.5 Fighting
 - Level 18.1 Axes
 + Level 11.3 Armour
 - Level 10.0 Dodging
 - Level 15.0 Shields
 - Level 10.0 Evocations


You had 15 spell levels left.
You didn't know any spells.
Your spell library contained the following spells:

 Spells                   Type           Power        Failure   Level  Hunger
 Sting                    Conj/Pois      #...         99%         1    ##.....
 Poisonous Vapours        Pois/Air       #.....       100%        2    ###....
 Mephitic Cloud           Conj/Pois/Air  #.......     100%        3    ####...
 Olgreb's Toxic Radiance  Pois           #.......     100%        4    #####..
 Venom Bolt               Conj/Pois      #.........   100%        5    ######.


Dungeon Overview and Level Annotations

Branches:
Dungeon (15/15)            Temple (1/1) D:4            Lair (6/6) D:9
  Swamp (1/4) Lair:4       Spider (1/4) Lair:3        Slime (0/5) Lair:5
    Orc (2/2) D:9             Elf (0/3) Orc:2        Vaults (0/5) D:14
 Depths (0/5) D:15        Volcano (visited)

Altars:
Ashenzari
Cheibriados
Dithmenos
Elyvilon
Gozag
Kikubaaqudgha
Makhleb
Okawaru
Qazlal
Ru
Uskayaw
Vehumet
Wu Jian
Xom
Yredelemnul
Zin
The Shining One

Shops:
D:4 ?   D:6 ?   D:7 :   D:13 (   Orc:1 [   Orc:2 !=(}

Annotations:
Lair:3 exclusion: 2 oklob plants
Spider:1 Nikola


Innate Abilities, Weirdness & Mutations

You reflexively headbutt those who attack you in melee.
You have a pair of horns on your head.


Message History

You are too injured to fight recklessly!
Evoke which item? (* to show all) (? for menu, Esc to quit)
Aiming: Cloud Cone
Press: ? - help, Dir - move target cursor, f - Nikola
Aim: Nikola, wielding a +4 rapier of electrocution, wearing a +2 cloak of invisibility and wearing a +1 pair of gloves (lightly wounded)
You create a blast of poison gas!
A wolf spider comes into view.
Nikola is engulfed in poison gas.
Nikola is poisoned.
You barely miss Nikola.
Nikola is lightly wounded.
Nikola is engulfed in poison gas.
Nikola looks even sicker.
Nikola mumbles some strange words.
You hear a mighty clap of thunder!
The lightning arc hits you!!
The lightning arc hits Nikola.
The lightning arc hits you!
* * * LOW HITPOINT WARNING * * *
The lightning arc hits Nikola!
The lightning arc hits you!!
* * * LOW HITPOINT WARNING * * *
The lightning arc hits Nikola.
The lightning arc hits you!!
You die...

###.##.#.###........#
#.##..##†^.....†....#
......#..#..###.....#
.#.#.....##.# ##...##
.#######.#.## #†.##
## ###.# ##†..# ###
#..†## ###.# ## #@@##
.# ..§§§§§## ##
..#§§§# # ####


You could see Nikola.

Vanquished Creatures
  Gastronok (Lair:2)
  A sphinx (D:15)
  A caustic shrike zombie (D:15)
  An entropy weaver (Spider:1)
  Nessos (D:14)
  Josephine (D:14)
  A fire dragon (D:14)
  Erolcha (Orc:2)
  Harold (D:10)
  10 hydras
  An ice dragon (D:10)
  A catoblepas (Lair:6)
  A shambling mangrove (Swamp:1)
  12 two-headed ogres
  4 alligators
  4 centaur warriors
  2 ogre magi
  A deep troll shaman (Lair:6)
  A deep troll earth mage (D:15)
  4 orc high priests (Orc:2)
  4 death yaks
  2 skeletal warriors (D:15)
  An unseen horror (D:14)
  A swamp dragon (Swamp:1)
  2 phantasmal warriors (D:15)
  A lindwurm (Lair:6)
  An orc knight (Orc:2)
  A wizard (D:14)
  3 orb spiders (Spider:1)
  A mana viper (shapeshifter) (D:15)
  A necromancer (D:15)
  24 ugly things
  3 wolf spiders (Spider:1)
  2 orc sorcerers (Orc:2)
  A frost giant zombie (D:15)
  A wolf spider zombie (D:12)
  5 cyclopes
  18 elephants
  6 black mambas
  A manticore (D:13)
  A torpor snail (Lair:4)
  10 spiny frogs
  An efreet (D:15)
  2 redback zombies
  6 komodo dragons
  A freezing wraith (D:15)
  2 kobold demonologists
  7 rime drakes
  2 jumping spiders (Spider:1)
  2 tengu conjurers (D:14)
  A meliai (D:10)
  6 trolls
  A hornet (shapeshifter) (D:14)
  A wolf spider simulacrum (D:15)
  3 polar bears
  6 hornets
  5 tyrant leeches
  A dream sheep (shapeshifter) (D:14)
  A raiju (shapeshifter) (D:15)
  2 bog bodies (Swamp:1)
  2 dream sheep (Lair:6)
  16 blink frogs
  14 slime creatures
  9 hippogriffs
  11 redbacks (Spider:1)
  A centaur simulacrum (D:13)
  A fire dragon skeleton (D:15)
  6 wraiths (D:14)
  2 tarantellas (Spider:1)
  5 wyverns
  A vampire (D:14)
  2 basilisks (Lair:3)
  4 shadows
  21 yaks
  5 hungry ghosts
  12 vampire mosquitoes
  4 wargs
  3 soldier ants
  5 swamp worms
  11 water moccasins
  Duvessa (D:7)
  An acid dragon (D:15)
  10 porcupines
  20 orc warriors
  5 phantoms
  5 ice beasts
  A necrophage (D:11)
  2 eyes of draining
  12 ogres
  8 sky beasts
  3 black bears
  8 centaurs
  10 wolves
  8 crocodiles
  3 big kobolds
  15 bullfrogs
  Dowan (D:7)
  2 water moccasin zombies
  9 scorpions
  A tengu zombie (D:15)
  5 killer bees
  17 wights
  A howler monkey (D:3)
  5 electric eels
  9 crimson imps
  A bullfrog zombie (D:7)
  4 quasits
  2 centaur zombies
  2 jellies
  33 orc wizards
  5 bullfrog skeletons
  30 orc priests
  7 centaur skeletons
  11 hounds
  6 iguanas
  9 worker ants
  8 ogre zombies (D:9)
  A bullfrog simulacrum (D:13)
  2 hound zombies
  A howler monkey zombie (D:8)
  A worker ant zombie (D:7)
  Robin (D:3)
  9 gnolls
  A howler monkey skeleton (D:9)
  14 adders
  4 shadow imps
  3 white imps (D:13)
  2 oozes
  3 worms
  7 dart slugs
  10 leopard geckos
  65 orcs
  8 bats
  7 giant cockroaches
  5 hobgoblins
  14 jackals
  5 quokkas
  A ball python (D:2)
  A ball python zombie (D:5)
  5 frilled lizards
  11 goblins
  A goblin skeleton (D:9)
  4 goblin zombies (D:9)
  3 hobgoblin skeletons (D:9)
  2 hobgoblin zombies (D:9)
  2 jackal skeletons
  A jackal zombie (D:6)
  23 kobolds
  2 leopard gecko skeletons
  4 orc skeletons (D:9)
  11 orc zombies (D:9)
  A quokka skeleton (D:6)
  6 rats (D:3)
  5 fungi
  2 plants (Lair:4)
  2 withered plants (D:15)
855 creatures vanquished.

Vanquished Creatures (collateral kills)
  4 hydras
  Urug (D:13)
  5 two-headed ogres (Volcano)
  3 elephants (Lair:5)
  A polar bear (D:13)
  2 blink frogs (Lair:1)
  A hippogriff (Lair:1)
  A swamp drake (shapeshifter) (D:13)
  A bullfrog (Lair:5)
  A killer bee (D:7)
  An orc priest (D:9)
  4 orcs
25 creatures vanquished.

Vanquished Creatures (others)
  A human (D:6)
  A killer bee (D:7)
  An ufetubus (D:13)
  A quokka (D:14)
  A bush (Lair:6)
  19 fungi
  6 plants
  4 toadstools (D:1)
  3 withered plants (D:15)
37 creatures vanquished.

Grand Total: 917 creatures vanquished

Notes
Turn   | Place    | Note
-------+----------+-------------------------------------------
     0 | D:1      | Cinder the Minotaur Berserker began the quest for the Orb.
     0 | D:1      | Reached XP level 1. HP: 19/19 MP: 0/0
   145 | D:1      | Reached skill level 4 in Axes
   145 | D:1      | Reached XP level 2. HP: 19/27 MP: 1/1
   486 | D:1      | Reached XP level 3. HP: 33/33 MP: 2/2
   941 | D:2      | Reached ** piety under Trog
  1446 | D:2      | Reached XP level 4. HP: 39/40 MP: 3/3
  1504 | D:2      | Reached skill level 5 in Axes
  1869 | D:3      | Noticed Robin
  2163 | D:3      | Killed Robin
  2295 | D:3      | Reached XP level 5. HP: 43/47 MP: 4/4
  2359 | D:3      | Noticed a centaur
  2383 | D:3      | Killed a centaur
  2383 | D:3      | Reached skill level 5 in Fighting
  2383 | D:3      | Reached skill level 6 in Axes
  2383 | D:3      | Reached XP level 6. HP: 22/56 MP: 5/5
  2384 | D:3      | Reached *** piety under Trog
  2700 | D:3      | Found a basalt altar of Yredelemnul.
  2848 | D:4      | Found Cotiapn's Magic Scroll Emporium.
  3072 | D:4      | Reached skill level 7 in Axes
  3292 | D:4      | Reached skill level 5 in Armour
  3292 | D:4      | Reached XP level 7. HP: 36/62 MP: 6/6
  4155 | D:4      | Found a staircase to the Ecumenical Temple.
  4170 | Temple   | Entered the Ecumenical Temple
  4378 | D:4      | Found a stormy altar of Qazlal.
  4385 | D:4      | Found a glowing silver altar of Zin.
  4392 | D:4      | Found a sacrificial altar of Ru.
  4399 | D:4      | Found an ancient bone altar of Kikubaaqudgha.
  4406 | D:4      | Found a shattered altar of Ashenzari.
  4413 | D:4      | Found an opulent altar of Gozag.
  4418 | D:4      | Found a radiant altar of Vehumet.
  4634 | D:5      | Entered Level 5 of the Dungeon
  4682 | D:5      | Found a snail-covered altar of Cheibriados.
  4780 | D:5      | Reached skill level 8 in Axes
  5431 | D:5      | Reached XP level 8. HP: 71/71 MP: 7/7
  5437 | D:5      | Reached **** piety under Trog
  5544 | D:5      | Reached skill level 9 in Axes
  6007 | D:6      | Reached skill level 10 in Axes
  6317 | D:6      | Found an ancient bone altar of Kikubaaqudgha.
  6371 | D:6      | Reached XP level 9. HP: 72/81 MP: 8/8
  6446 | D:6      | Found Ydaikk's Magic Scroll Emporium.
  6451 | D:6      | Bought a scroll of remove curse for 33 gold pieces
  6831 | D:7      | Noticed Duvessa
  6833 | D:7      | Noticed Dowan
  6850 | D:7      | Killed Duvessa
  6850 | D:7      | Reached skill level 11 in Axes
  6856 | D:7      | Killed Dowan
  6867 | D:7      | Found Konniv's Book Boutique.
  7899 | D:7      | Reached skill level 12 in Axes
  8175 | D:8      | Found a basalt altar of Yredelemnul.
  8241 | D:8      | Reached ***** piety under Trog
  8470 | D:8      | Reached XP level 10. HP: 91/91 MP: 9/9
  9098 | D:9      | Noticed a two-headed ogre
  9118 | D:9      | Killed a two-headed ogre
  9118 | D:9      | Reached skill level 10 in Fighting
  9118 | D:9      | Reached skill level 13 in Axes
  9448 | D:9      | Found a staircase to the Orcish Mines.
  9481 | D:9      | Reached skill level 10 in Armour
  9488 | D:9      | Received a gift from Trog
  9546 | D:9      | Noticed a five-headed hydra
  9573 | D:9      | Killed a ten-headed hydra
  9575 | D:9      | Reached skill level 14 in Axes
 10106 | D:9      | Found a staircase to the Lair.
 10117 | D:9      | Found a stormy altar of Qazlal.
 10441 | D:10     | Entered Level 10 of the Dungeon
 10460 | D:10     | Reached XP level 11. HP: 98/101 MP: 7/10
 10462 | D:10     | Reached skill level 1 in Shields
 10594 | D:10     | Noticed Harold
 10598 | D:10     | Noticed a sixfirhy
 10618 | D:10     | Killed Harold
 10928 | D:10     | Received a gift from Trog
 10934 | D:10     | Identified the +8 broad axe of Massacring {chop, rPois MR++
                  | Int-3 SInv} (Trog gifted it to you on level 10 of the
                  | Dungeon)
 11039 | D:10     | Noticed an ice dragon
 11046 | D:10     | Killed an ice dragon
 11046 | D:10     | Reached skill level 15 in Axes
 12004 | D:11     | Noticed a seven-headed hydra
 12010 | D:11     | Killed a ten-headed hydra
 12236 | D:11     | Reached skill level 5 in Shields
 12239 | D:11     | Found an iron altar of Okawaru.
 12281 | D:11     | Noticed a two-headed ogre
 12289 | D:11     | Killed a two-headed ogre
 12737 | D:12     | Reached skill level 16 in Axes
 12754 | D:12     | Reached XP level 12. HP: 87/112 MP: 11/11
 13578 | D:12     | Noticed a two-headed ogre
 13589 | D:12     | Killed a two-headed ogre
 13602 | D:12     | Noticed a two-headed ogre
 13609 | D:12     | Killed a two-headed ogre
 14267 | Lair:1   | Entered Level 1 of the Lair of Beasts
 14433 | Lair:1   | Received a gift from Trog
 14746 | Lair:1   | Noticed a five-headed hydra
 14753 | Lair:1   | Killed a five-headed hydra
 14753 | Lair:1   | Reached skill level 17 in Axes
 14857 | Lair:1   | Noticed a five-headed hydra
 14864 | Lair:1   | Killed an eight-headed hydra
 14864 | Lair:1   | Reached skill level 1 in Evocations
 14946 | Lair:1   | Noticed a seven-headed hydra
 14952 | Lair:1   | Killed a nine-headed hydra
 14954 | Lair:1   | Reached skill level 5 in Dodging
 15769 | Lair:2   | Noticed an eight-headed hydra
 15786 | Lair:2   | Killed an eight-headed hydra
 15808 | Lair:2   | Noticed Gastronok
 15815 | Lair:2   | Killed Gastronok
 15831 | Lair:2   | Reached XP level 13. HP: 99/122 MP: 14/14
 16106 | Lair:2   | Received a gift from Trog
 16115 | Lair:2   | Identified the +11 war axe of Xymnumni {freeze, Str+5}
                  | (Trog gifted it to you on level 2 of the Lair of Beasts)
 16815 | Lair:3   | Found a hole to the Spider Nest.
 16850 | Lair:3   | Identified a scroll of acquirement
 16853 | Lair:3   | Identified the -5 hat of Boredom {rC+ Regen+} (You acquired
                  | it on level 3 of the Lair of Beasts)
 17380 | Lair:4   | Reached skill level 18 in Axes
 18222 | Lair:4   | Found a staircase to the Swamp.
 18649 | Lair:5   | Found a staircase to the Slime Pits.
 18651 | Lair:5   | Found a dark tunnel.
 18669 | Volcano  | Entered a volcano
 18678 | Volcano  | Reached skill level 5 in Evocations
 18688 | Volcano  | Received a gift from Trog
 19394 | Lair:5   | Reached XP level 14. HP: 108/133 MP: 17/17
 19845 | Lair:6   | Entered Level 6 of the Lair of Beasts
 20263 | Lair:6   | Reached skill level 15 in Fighting
 20746 | Lair:6   | Reached skill level 10 in Dodging
 21800 | Lair:6   | Received a gift from Trog
 22669 | D:13     | Found Wimubiynk's Antique Weapon Shoppe.
 23344 | D:13     | Noticed Urug
 23365 | D:13     | Killed Urug
 23971 | D:14     | Noticed Nessos
 24355 | D:14     | Killed Nessos
 24662 | D:14     | Noticed Josephine
 24684 | D:14     | Killed Josephine
 24762 | D:14     | Reached XP level 15. HP: 76/144 MP: 20/20
 24990 | D:14     | Received a gift from Trog
 25093 | D:14     | Found a glowing golden altar of the Shining One.
 25200 | D:14     | Paralysed by a hornet for 2 turns
 25383 | D:14     | Found a white marble altar of Elyvilon.
 25564 | D:14     | Found a gate to the Vaults.
 25737 | D:15     | Entered Level 15 of the Dungeon
 25959 | D:15     | Reached skill level 10 in Shields
 26004 | D:15     | Reached skill level 10 in Evocations
 26279 | D:15     | Found a staircase to the Depths.
 26898 | D:15     | Identified the -7 cloak of Nyoheis {*Slow Regen+ Dex+7
                  | Stlth+} (You found it on level 15 of the Dungeon)
 27140 | D:15     | Reached ****** piety under Trog
 27226 | D:15     | Noticed a sphinx
 27233 | D:15     | Killed a sphinx
 27233 | D:15     | Received a gift from Trog
 27638 | Orc:1    | Entered Level 1 of the Orcish Mines
 27731 | Orc:1    | Found Nauwiucs's Armour Shop.
 27823 | Orc:1    | You fall into a shaft and drop 1 floor!
 27823 | Orc:2    | Entered Level 2 of the Orcish Mines
 27823 | Orc:2    | Found a burning altar of Makhleb.
 27830 | Orc:2    | Noticed Erolcha
 27837 | Orc:2    | Found a staircase to the Elven Halls.
 27839 | Orc:2    | Killed Erolcha
 28102 | Orc:2    | Received a gift from Trog
 28224 | Orc:2    | Found a burning altar of Makhleb.
 28361 | Orc:2    | Received a gift from Trog
 28362 | Orc:2    | Found Tuank's Gadget Boutique.
 28362 | Orc:2    | Found Kodoele's Distillery.
 28362 | Orc:2    | Found Muhoskag's Jewellery Shop.
 28391 | Orc:2    | Found Bupameid's Antique Weapon Boutique.
 29174 | Swamp:1  | Entered Level 1 of the Swamp
 29313 | Swamp:1  | Reached XP level 16. HP: 81/151 MP: 22/22
 29917 | Swamp:1  | Found an ornate altar of the Wu Jian Council.
 29944 | Swamp:1  | Reached skill level 15 in Shields
 29975 | Swamp:1  | Received a gift from Trog
 30522 | Spider:1 | Entered Level 1 of the Spider Nest
 30875 | Spider:1 | Noticed Nikola
 30878 | Spider:1 | Killed from afar by Nikola

Levels and vault maps discovered:
D:1:      ldierk_water_garden, layout_basic
D:2:      layout_basic, first_ration
D:3:      layout_rooms, yredelemnul_altar_generic, uniq_robin
D:4:      kennysheep_slugbush, layout_basic, grunt_temple_overflow_octagram,
          temple_fountains, serial_shops, nicolae_shop_behind_doors,
          minmay_bisected
D:5:      kennysheep_windowed_halls, layout_basic, kennysheep_little_box
D:6:      wander_river, layout_basic, serial_shops, shop, tgw_kikubaaqudgha
D:7:      layout_basic, serial_shops, shop, corner_web_ring, uniq_duvessa
D:8:      layout_rooms, basic_altar, kennysheep_opposing_triangles
D:9:      layout_long_grid, erik_lair_orcish_takeover, zombieorc2_lemuel,
          nicolae_qazlal_general_emergency
D:10:     minmay_the_grid_net [minmay_the_grid_minigrid_large,
          minmay_the_grid_mess, minmay_the_grid_outer_circle,
          minmay_the_grid_dragon_b, minmay_the_grid_broken_lines,
          minmay_the_grid_prize_big_room], layout_rooms,
          hangedman_pestilent_swarm, uniq_harold
D:11:     layout_loops_corners, david_defended_altar_orc
D:12:     layout_basic
D:13:     layout_irregular_city, serial_ice, serial_ice_n, serial_ice_f,
          serial_ice_d, serial_ice_l, serial_shops, shop_statue, uniq_urug
D:14:     layout_rooms, david_vaults_4, tso_metal_star, elyvilon_altar_4,
          uniq_josephine, uniq_nessos
D:15:     gammafunk_depths_entry_grave, layout_loops_ring, minmay_crystal_room,
          drop_trap, minmay_diamond_spiral
Temple:   cyrus_circular_temple
Lair:1:   layout_cave_pods, infiniplex_staircase_pool_2, serial_bayou_shore_a
Lair:2:   layout_long_grid, grunt_megastairs_2, uniq_gastronok
Lair:3:   layout_roguey, spider_nest_entry_web_field, minmay_lair_oklob_chamber
Lair:4:   layout_cave_pods, minmay_swamp_entry_worms, minmay_lair_drake_nest,
          grunt_megastairs_4
Lair:5:   layout_layer_cave, slime_dummy, nicolae_volcano_entry_lava_flow
Lair:6:   grunt_lair_end_beastmaster, layout_regular_city, fungi_pond_lemuel,
          hangedman_lair_generics_rect
Swamp:1:  layout_basic_swamp, lemuel_altar_in_water
Spider:1: layout_spider_delve, uniq_nikola, uniq_jorgrun
Orc:1:    layout_caves, serial_shops, shop
Orc:2:    st_orc_mages, layout_diamond_mine, basic_altar, bloody_makhleb,
          uniq_erolcha

Skill      XL: |  1  2  3  4  5  6  7  8  9 10 11 12 13 14 15 16 |
---------------+-------------------------------------------------+-----
Axes           | 4 5 6 7 8 10 12 14 16 17 18 | 18.1
Fighting       | 4 5 6 7 9 10 12 13 14 16 | 16.5
Armour         | 3 4 5 6 7 9 10 11 | 11.3
Shields        | 5 6 8 14 15 | 15.0
Dodging        | 5 8 10 | 10.0
Evocations     | 2 6 9 10 | 10.0

Action                   |  1- 3 |  4- 6 |  7- 9 | 10-12 | 13-15 | 16-18 || total
-------------------------+-------+-------+-------+-------+-------+-------++-------
Melee: Hand axe          |    61 |   107 |   429 |       |       |       ||   597
       Headbutt          |     8 |    23 |   107 |   105 |   234 |    31 ||   508
       War axe           |       |       |    34 |   224 |       |       ||   258
       Broad axe         |       |       |       |   237 |   885 |   140 ||  1262
 Fire: Hand crossbow     |       |       |       |     6 |    11 |       ||    17
Invok: Berserk           |     1 |     1 |     4 |     3 |     1 |       ||    10
       Brothers in Arms  |       |       |       |     5 |     6 |       ||    11
       Trog's Hand       |       |       |       |     1 |     2 |       ||     3
Evoke: Wand              |       |       |     1 |     8 |     8 |     2 ||    19
  Use: Scroll            |       |     2 |     1 |    14 |    29 |     1 ||    47
       Potion            |       |       |       |     4 |       |       ||     4
 Stab: Confused          |       |       |     1 |       |     2 |       ||     3
       Paralysed         |       |       |       |     3 |     4 |       ||     7
       Distracted        |       |       |       |       |     1 |       ||     1
  Eat: Chunk             |     2 |     7 |    15 |    20 |    32 |     5 ||    81
       Ration            |       |       |     3 |     4 |     4 |       ||    11
Armor: Animal skin       |    12 |       |       |       |       |       ||    12
       Ring mail         |     2 |    34 |    17 |       |       |       ||    53
       Chain mail        |       |       |   130 |       |       |       ||   130
       Plate armour      |       |       |    43 |   226 |   359 |    41 ||   669
Dodge: Dodged            |    52 |    56 |   175 |   145 |   342 |    33 ||   803
Block: Other             |       |       |    21 |    14 |       |       ||    35
       Reflection        |       |       |       |     1 |       |       ||     1
       Buckler           |       |       |       |    35 |   149 |       ||   184
       Shield            |       |       |       |       |    79 |    62 ||   141

Table legend:
 A = Non-vault XP
 B = Vault XP
 C = Vault XP percentage of total XP
 D = Non-vault monster count
 E = Vault monster count
 F = Vault count percentage of total count
                 A         B        C        D         E       F
            +---------+---------+-------+---------+---------+-------
      Total |  118843 |   54412 |  31.4 |     637 |     235 |  26.9
            +---------+---------+-------+---------+---------+-------
        D:1 |      53 |       0 |   0.0 |      19 |       0 |   0.0
        D:2 |      61 |       6 |   9.0 |      18 |       3 |  14.3
        D:3 |     449 |      25 |   5.3 |      26 |       5 |  16.1
        D:4 |     253 |     102 |  28.7 |      18 |       8 |  30.8
        D:5 |     465 |     705 |  60.3 |      13 |      14 |  51.9
        D:6 |     754 |       0 |   0.0 |      21 |       0 |   0.0
        D:7 |    1815 |     228 |  11.2 |      40 |       2 |   4.8
        D:8 |    1227 |     191 |  13.5 |      31 |       4 |  11.4
        D:9 |    3251 |    1357 |  29.4 |      27 |      46 |  63.0
       D:10 |     635 |    4083 |  86.5 |      20 |      18 |  47.4
       D:11 |    4722 |     125 |   2.6 |      23 |       3 |  11.5
       D:12 |    6888 |       0 |   0.0 |      32 |       0 |   0.0
       D:13 |    6417 |    1432 |  18.2 |      28 |      11 |  28.2
       D:14 |   11351 |    4814 |  29.8 |      32 |      11 |  25.6
       D:15 |   18566 |    9568 |  34.0 |      44 |      12 |  21.4
     Lair:1 |    5545 |       0 |   0.0 |      22 |       0 |   0.0
     Lair:2 |    5154 |    2331 |  31.1 |      20 |       6 |  23.1
     Lair:3 |    1977 |     468 |  19.1 |       6 |       2 |  25.0
     Lair:4 |    3833 |    5320 |  58.1 |      15 |      13 |  46.4
     Lair:5 |    7136 |       0 |   0.0 |      25 |       0 |   0.0
     Lair:6 |   11432 |   10997 |  49.0 |      31 |      25 |  44.6
    Swamp:1 |   13718 |       0 |   0.0 |      36 |       0 |   0.0
   Spider:1 |    8295 |       0 |   0.0 |      22 |       0 |   0.0
      Orc:1 |    1228 |       0 |   0.0 |      22 |       0 |   0.0
      Orc:2 |    3618 |    6813 |  65.3 |      46 |      43 |  48.3
    Volcano |       0 |    5847 | 100.0 |       0 |       9 | 100.0
            +---------+---------+-------+---------+---------+-------
